 Dungeon Crawl Stone Soup version 0.21.1-1-g345015f (webtiles) character file.

842 kae the Chopper (level 8, -4/75 HPs)
             Began as a Hill Orc Abyssal Knight on June 11, 2018.
             Was a Believer of Lugonu.
             Slain by teukkam's ghost (15 damage)
             ... on level 5 of the Dungeon.
             The game lasted 00:05:12 (5471 turns).

kae the Chopper (Hill Orc Abyssal Knight)           Turns: 5471, Time: 00:05:12

Health: -4/75      AC:  4    Str: 18 (19) XL:     8   Next: 0%
Magic:  11/11      EV: 12    Int:  9 (12) God:    Lugonu [**....]
Gold:   210        SH:  0    Dex: 10      Spells: 7/7 levels left

rFire    + . .     SeeInvis .   a - +2 hand axe
rCold    + . .     Gourm    .   (no shield)
rNeg     . . .     Faith    .   b - +0 leather armour
rPois    .         Spirit   .   (no helmet)
rElec    .         Reflect  .   p - scarf {rC+ rF+}
rCorr    .         Harm     .   h - +0 pair of gloves
MR       +....                  (no boots)
Stlth    +.........             (no amulet)
HPRegen  0.62/turn              m - ring of protection from magic
MPRegen  0.12/turn              (no ring)

@: no status effects
A: regeneration 1, robust 1, strong 1
a: Depart the Abyss, Bend Space, Renounce Religion


You were on level 5 of the Dungeon.
You worshipped Lugonu.
Lugonu was pleased with you.
You were not hungry.

You visited 1 branch of the dungeon, and saw 5 of its levels.
You visited the Abyss 1 time.

You collected 210 gold pieces.

Inventory:

Hand Weapons
 a - a +2 hand axe (weapon)
Armour
 b - a +0 leather armour (worn)
 h - a +0 pair of gloves (worn)
 p - a scarf of resistance (worn)
Jewellery
 m - a ring of protection from magic (left hand)
Wands
 f - a wand of paralysis (15)
Scrolls
 d - 2 scrolls of remove curse
 e - a scroll of teleportation {unknown}
 i - a scroll of noise
 n - a scroll of enchant armour
Comestibles
 c - 10 rations
 g - 6 chunks of flesh


   Skills:
 + Level 5.5 Fighting
 * Level 7.1 Axes
 + Level 4.5 Armour
 + Level 2.8 Dodging
 + Level 5.0 Invocations


You had 7 spell levels left.
You didn't know any spells.

Dungeon Overview and Level Annotations

Branches:
Dungeon (5/15)
 Temple: D:4-7

Altars:
Elyvilon
Hepliaklqana
Kikubaaqudgha
Trog
Xom
Yredelemnul

Shops:
D:4 (

Annotations:
D:5 teukkam's ghost, amateur TrMo


Innate Abilities, Weirdness & Mutations

Your natural rate of healing is unusually fast.
You are robust. (+10% HP)
Your muscles are strong. (Str +2)


Message History

You hit teukkam's ghost.
Teukkam's ghost is severely damaged.
Teukkam's ghost hits you!
You hit teukkam's ghost.
Teukkam's ghost is almost destroyed.
Teukkam's ghost hits you!
You closely miss teukkam's ghost.
Teukkam's ghost is almost destroyed.
Teukkam's ghost hits you!
* * * LOW HITPOINT WARNING * * *
You hit teukkam's ghost.
Teukkam's ghost is almost destroyed.
Teukkam's ghost completely misses you.
You aren't carrying any potions.
You hit teukkam's ghost but do no damage.
Teukkam's ghost is almost destroyed.
You barely miss teukkam's ghost.
Teukkam's ghost is almost destroyed.
Teukkam's ghost hits you!
You die...

... #.# #.# #.# ##.##
...# #W.# #@.# # #..#
. #..# # #.†# #..
################..#
#..
#.................###
#..
#.###############...#
#.. #.# ###.# #.. #.#
#.###########..


You could see teukkam's ghost.

Vanquished Creatures
  Grinder (D:3)
  An ogre (D:4)
  A centaur (D:5)
  A scorpion (D:5)
  A crimson imp (D:5)
  2 hounds
  A centaur skeleton (D:4)
  A gnoll shaman (D:4)
  A bullfrog skeleton (D:4)
  2 worker ants (D:4)
  3 hound skeletons
  4 adders
  6 gnolls
  A dart slug (D:1)
  A leopard gecko (D:5)
  3 orcs
  A ball python (D:1)
  16 bats
  6 giant cockroaches
  4 goblins
  4 hobgoblins
  7 jackals
  5 kobolds
  3 frilled lizards
  A quokka skeleton (D:4)
  8 rats
85 creatures vanquished.

Vanquished Creatures (others)
  2 starspawn tentacles (Abyss:1)
2 creatures vanquished.

Grand Total: 87 creatures vanquished

Notes
Turn   | Place    | Note
-------+----------+-------------------------------------------
     0 | Abyss:1  | kae the Hill Orc Abyssal Knight began the quest for the Orb.
     0 | Abyss:1  | Reached XP level 1. HP: 19/19 MP: 2/2
    30 | Abyss:1  | Noticed a green death
    38 | Abyss:1  | Noticed an ancient zyme
    42 | Abyss:1  | Noticed a dire elephant zombie
    58 | Abyss:1  | Noticed a small abomination
    72 | Abyss:1  | Noticed a small abomination
    72 | Abyss:1  | Noticed a tentacled starspawn
    77 | Abyss:1  | Noticed a neqoxec
    79 | Abyss:1  | Noticed a raiju
    80 | D:1      | Escaped the Abyss
   525 | D:1      | Reached skill level 3 in Axes
   806 | D:1      | Reached XP level 2. HP: 25/27 MP: 3/3
   870 | D:1      | Reached skill level 1 in Dodging
   966 | D:1      | Reached * piety under Lugonu
   996 | D:1      | Reached XP level 3. HP: 22/33 MP: 5/5
  1699 | D:2      | Found a bloodstained altar of Trog.
  2336 | D:3      | Reached XP level 4. HP: 32/40 MP: 6/6
  2338 | D:3      | Reached skill level 4 in Axes
  2601 | D:3      | Found an ancient bone altar of Kikubaaqudgha.
  2601 | D:3      | Found a white marble altar of Elyvilon.
  2601 | D:3      | Found a shimmering altar of Xom.
  2946 | D:3      | Noticed Grinder
  2952 | D:3      | Gained mutation: Your natural rate of healing is unusually fast. [potion of mutation]
  2952 | D:3      | Gained mutation: Your muscles are strong. (Str +2) [potion of mutation]
  2952 | D:3      | Gained mutation: You are robust. (+10% HP) [potion of mutation]
  2966 | D:3      | Killed Grinder
  2966 | D:3      | Reached skill level 5 in Axes
  2966 | D:3      | Reached XP level 5. HP: 24/51 MP: 7/7
  2966 | D:3      | Reached XP level 6. HP: 28/58 MP: 8/8
  3154 | D:3      | Reached ** piety under Lugonu
  3158 | D:3      | Found a hazy altar of Hepliaklqana.
  3279 | D:4      | Found Vagu's Weapon Shop.
  4058 | D:4      | Reached XP level 7. HP: 19/66 MP: 10/10
  4253 | D:4      | Reached skill level 5 in Fighting
  4253 | D:4      | Reached skill level 6 in Axes
  4612 | D:4      | Found a basalt altar of Yredelemnul.
  4894 | D:5      | Entered Level 5 of the Dungeon
  5275 | D:5      | Reached skill level 7 in Axes
  5275 | D:5      | Reached skill level 5 in Invocations
  5365 | D:5      | Reached XP level 8. HP: 45/75 MP: 11/11
  5449 | D:5      | Noticed teukkam's ghost (amateur TrMo)
  5471 | D:5      | Slain by teukkam's ghost

Skill      XL: |  1  2  3  4  5  6  7 |
---------------+----------------------+-----
Axes           | 3 5 7 |  7.1
Dodging        | 1 2 |  2.8
Invocations    | 3 4 5 |  5.0
Fighting       | 4 5 |  5.5
Armour         | 3 4 |  4.5

Action                   |  1- 3 |  4- 6 |  7- 9 || total
-------------------------+-------+-------+-------++-------
Melee: Hand axe          |   116 |   154 |   152 ||   422
Invok: Depart the Abyss  |     1 |       |       ||     1
  Use: Potion            |       |     5 |     1 ||     6
       Scroll            |       |     6 |     1 ||     7
  Eat: Chunk             |     4 |     4 |     3 ||    11
       Ration            |       |     1 |       ||     1
Armor: Leather armour    |    63 |    43 |    21 ||   127
Dodge: Dodged            |   126 |   117 |    83 ||   326
